 Dungeon Crawl Stone Soup version 0.27-a0-931-g5a74e75d8f (webtiles) character file.

Game seed: 7548801791345014074

217 funkygono the Firebug (level 5, -1/38 HPs)
             Began as a Draconian Fire Elementalist on Apr 10, 2021.
             Slain by an ogre
             ... wielding a +0 giant spiked club
              (18 damage)
             ... on level 5 of the Dungeon.
             The game lasted 00:07:33 (4954 turns).

funkygono the Firebug (Draconian Fire Elementalist) Turns: 4954, Time: 00:07:34

Health: -1/38      AC:  7    Str: 10    XL:     5   Next: 61%
Magic:  6/10       EV: 12    Int: 16    God:
Gold:   182        SH:  0    Dex: 12    Spells: 1/11 levels left

rFire    . . .     SeeInvis .   b - +1 mace
rCold    . . .     Faith    .   (no shield)
rNeg     . . .     Spirit   .   (armour unavailable)
rPois    .         Reflect  .   (helmet restricted)
rElec    .         Harm     .   j - +0 cloak
rCorr    .         Rampage  .   c - +0 pair of gloves
Will     .....                  (no boots)
Stlth    ++........             (no amulet)
HPRegen  0.12/turn              (no ring)
MPRegen  0.12/turn              (no ring)

@: no status effects
A: AC +5, unfitting armour, cold-blooded
a: no special abilities


You were on level 5 of the Dungeon.
You visited 1 branch of the dungeon, and saw 5 of its levels.

You collected 182 gold pieces.

Inventory:

Hand Weapons
 b - a +1 mace (weapon)
 h - a +0 morningstar
Armour
 c - a +0 pair of gloves (worn)
 j - a +0 cloak (worn)
Jewellery
 d - a +4 ring of protection
Wands
 e - a wand of paralysis (4)
Scrolls
 k - 3 scrolls of amnesia
Potions
 a - a potion of resistance
 f - a potion of haste
 g - a potion of curing {unknown}
 i - a potion of magic {unknown}


   Skills:
 + Level 0.1 Fighting
 + Level 1.9 Dodging
 - Level 1.7 Stealth
 * Level 3.6 Spellcasting
 * Level 2.1 Conjurations
 * Level 4.8 Fire Magic


You had one spell level left.
You knew the following spells:

 Your Spells              Type           Power      Damage    Failure   Level
a - Foxfire               Conj/Fire      56%        2x1d6     4%          1
b - Sticky Flame          Conj/Fire      14%        2d4       38%         4
c - Fireball              Conj/Fire      7%         3d5       75%         5

Your spell library contained the following spells:

 Spells                   Type           Power      Damage    Failure   Level
 Conjure Flame            Conj/Fire      14%        6-21      13%         3
 Inner Flame              Hex/Fire       10%        N/A       19%         3


Dungeon Overview and Level Annotations

Branches:
Dungeon (5/15)
 Temple: D:4-7

Altars:
Nemelex Xobeh


Innate Abilities, Weirdness & Mutations

Your plain brown scales are hard. (AC +5)
You cannot fit into any form of body armour.
You are cold-blooded and may be slowed by cold attacks.


Message History

You conjure some foxfire!
A jackal comes into view.
The foxfire hits the ogre.
The ogre is moderately wounded.
The foxfire hits the ogre.
The ogre is moderately wounded.
A jackal comes into view.
The ogre completely misses you.
Casting: Foxfire (safe; 4% risk of failure)
Confirm with . or Enter, or press ? or * to list all spells.
You conjure some foxfire!
Casting: Foxfire (safe; 4% risk of failure)
Confirm with . or Enter, or press ? or * to list all spells.
You conjure some foxfire!
The foxfire hits the ogre but does no damage.
The ogre is moderately wounded.
The foxfire hits the ogre.
The ogre is heavily wounded.
The ogre misses you.
Casting: Foxfire (safe; 4% risk of failure)
Confirm with . or Enter, or press ? or * to list all spells.
You conjure some foxfire!
The foxfire hits the ogre.
The ogre is heavily wounded.
The foxfire hits the ogre.
The ogre is severely wounded.
The ogre hits you with a +0 giant spiked club!!
Ouch! That really hurt!
The foxfire hits the ogre.
The ogre is severely wounded.
The foxfire hits the ogre.
The ogre is almost dead.
The jackal stops to sniff the ground.
Casting: Foxfire (safe; 4% risk of failure)
Confirm with . or Enter, or press ? or * to list all spells.
You conjure some foxfire!
The ogre closely misses you.
The foxfire hits the jackal but does no damage.
The foxfire hits the ogre.
The ogre is almost dead.
The ogre hits you with a +0 giant spiked club!!
You die...

##########
#.[.......
#.######.........
#h....##.........
#######.##......[..
.........#.........
.......hOh...>.....
[......@.#.........
########ยง#.........
#.......###.#####
#.###.#.###.#
#.......#.#
#.#.#...#.#
#.#.#...# # #.#...#
#.#.#.#.#


You could see an ogre and 2 jackals.

Vanquished Creatures
  Ijyb (D:3)
  A hound skeleton (D:4)
  Robin (D:3)
  A gnoll (D:1)
  5 adders
  3 dart slugs
  2 worms (D:2)
  An orc (D:4)
  8 bats
  7 endoplasms
  2 giant cockroaches
  16 goblins
  6 hobgoblins
  13 jackals
  9 kobolds
  4 quokkas
  6 ball pythons
  5 frilled lizards
  3 rats
94 creatures vanquished.

Vanquished Creatures (others)
  305 foxfires
305 creatures vanquished.

Grand Total: 399 creatures vanquished

Notes
Turn   | Place    | Note
-------+----------+-------------------------------------------
     0 | D:1      | funkygono the Draconian Fire Elementalist began the quest
                  | for the Orb.
     0 | D:1      | Reached XP level 1. HP: 14/14 MP: 3/3
   241 | D:1      | Reached XP level 2. HP: 20/20 MP: 1/5
   457 | D:1      | Reached XP level 3. HP: 26/26 MP: 0/6
   615 | D:1      | Found a faded altar of an unknown god.
  1714 | D:2      | Reached skill level 4 in Fire Magic
  2003 | D:2      | Reached XP level 4. HP: 33/33 MP: 3/8
  2781 | D:2      | Learned a level 4 spell: Sticky Flame
  3047 | D:3      | Noticed Robin
  3065 | D:3      | Killed Robin
  3272 | D:3      | Found a sparkling altar of Nemelex Xobeh.
  3476 | D:3      | Noticed Ijyb
  3478 | D:3      | Paralysed by Ijyb for 3 turns
  3490 | D:3      | Killed Ijyb
  3491 | D:3      | Reached XP level 5. HP: 38/38 MP: 0/9
  3870 | D:3      | Learned a level 5 spell: Fireball
  4872 | D:5      | Entered Level 5 of the Dungeon
  4942 | D:5      | Noticed an ogre
  4954 | D:5      | Slain by an ogre

Illustrated notes

Levels and vault maps discovered:
D:1:      lightli_arrival_lavapool, layout_basic,
          shapermc_ecumenical_altar_notcrosses, st_stairs_4
D:2:      minmay_angry_zag, layout_loops_corners, hex_large
D:3:      layout_loops_ring, nemelex_spade_bored_becter, fountainhead,
          uniq_robin, uniq_ijyb
D:4:      layout_loops_cross, grunt_ministairs_4, kennysheep_boxes
D:5:      layout_basic, lemuel_tele_altar, cheibriados_altar_1,
          chequers_serial_rivers_micro_b

Skill      XL: |  1  2  3  4 |
---------------+-------------+-----
Fire Magic     | 4 |  4.8
Spellcasting   | 3 |  3.6
Conjurations   | 2 |  2.1
Fighting       | |  0.1
Dodging        | |  1.9
Stealth        | |  1.7

Action                   |  1- 3 |  4- 6 || total
-------------------------+-------+-------++-------
Melee: Club              |     1 |       ||     1
       Mace              |     3 |    19 ||    22
       Tailslap          |       |     1 ||     1
 Cast: Foxfire           |    68 |   120 ||   188
  Use: Scroll            |       |     5 ||     5
Armor: Skin              |     2 |    13 ||    15
Dodge: Dodged            |     2 |    26 ||    28

Table legend: (Time is in decaauts)
 A = Elapsed time spent in this place.
 B = Non-inter-level travel time spent in this place.
 C = Inter-level travel time spent in this place.
 D = Time resting spent in this place.
 E = Time spent auto-exploring this place.
 F = Levels seen in this place.
 G = Mean time per level.
                   A        B        C        D        E       F      G
               +--------+--------+--------+--------+--------+-----+--------+
         Total |   4964 |   4775 |    189 |      0 |   4119 |   5 |  992.8 |
       Dungeon |   4964 |   4775 |    189 |      0 |   4119 |   5 |  992.8 |
               +--------+--------+--------+--------+--------+-----+--------+

Top non-repeatable levels by time:
     D:1: 1510 daAuts
     D:2: 1289 daAuts
     D:3: 1113 daAuts
     D:4: 969 daAuts
     D:5: 81 daAuts
